FIQ, neutral male scurrid Tourist ----------------- ..............!. --............ ......... -----aa... -.......r.- --.. --..| |e --- -- FIQ the Rambler Experience level: 1 Strength: 8 Dexterity: 15 Constitution: 14 Intelligence: 12 Wisdom: 8 Charisma: 18 Health: 0(9) Energy: 2(2) Def: 0 Gold: 55 Moves: 32 Dungeon seed: inar4lGuH0dXStf8 Game ID: FIQ_1498614263 Your Inventory: Coins $ - 55 gold pieces Weapons a - 53 uncursed +2 darts (in quiver) Armor e - an uncursed +0 Hawaiian shirt (being worn) Comestibles b - an uncursed tripe ration c - an uncursed pancake d - an uncursed lembas wafer f - 3 uncursed food rations g - an uncursed tin of kobold meat h - an uncursed chestnut i - an uncursed fortune cookie j - an uncursed egg Scrolls m - 3 uncursed scrolls of magic mapping n - a blessed scroll of magic mapping Potions k - an uncursed potion of extra healing l - a blessed potion of extra healing Wands q - an uncursed wand of secret door detection (0:12) Tools o - an uncursed expensive camera (0:44) p - an uncursed credit card r - an uncursed oil lamp (0:1181) Spells and supernatural/magical abilities: Name Level Category Fail Memory W - pray for help -- divine ? -- Your skills at the end: Miscellaneous Skills wands [Basic] Weapon Skills dart [Basic] Spellcasting Skills Final Attributes: You were devoutly aligned. You had infravision. You were very stealthy. You are dead. Voluntary challenges: You went without food. You did not adorn yourself with jewelry or accessories. You did not cause conflict. You were not invisible. You did not have reflection. You were not displaced. You were an atheist. You never hit with a wielded weapon. You were a pacifist. You did not use tools. You did not use plumbed fixtures. You did not drink any magical draughts. You were illiterate. You never genocided any monsters. You never polymorphed an object. You never changed form. You used no wishes. You never split a pudding. You never wrote Elbereth's name. You never violated your personal moral code. Dungeon overview: The Dungeons of Doom: levels 1 to 14 Level 1 a long staircase Level 2 Level 3 Level 4 Level 5 Level 6 Level 7 Level 8 Level 9 Level 10 Level 11 a fountain Level 12 a fountain Level 13 Level 14 <- You were here History has recorded: On T:1 you entered the Dungeons of Doom to retrieve the Amulet of Yendor! On T:4 you reached level 2 of The Dungeons of Doom. On T:6 you reached level 3 of The Dungeons of Doom. On T:8 you reached level 4 of The Dungeons of Doom. On T:10 you reached level 5 of The Dungeons of Doom. On T:13 you reached level 6 of The Dungeons of Doom. On T:15 you reached level 7 of The Dungeons of Doom. On T:17 you reached level 8 of The Dungeons of Doom. On T:19 you reached level 9 of The Dungeons of Doom. On T:22 you reached level 10 of The Dungeons of Doom. On T:25 you reached level 11 of The Dungeons of Doom. On T:28 you reached level 12 of The Dungeons of Doom. On T:30 you reached level 13 of The Dungeons of Doom. On T:32 you reached level 14 of The Dungeons of Doom. Score breakdown: Gold: 0 ( 0 points) Experience: 1 level ( 0 points) Exploration: 14 levels ( 390 points) Discoveries: 0 items ( 0 points) Variety of kills: 0 monsters ( 0 points) Major goal: (nothing yet) ( 0 points) Survival: died (score multiplied by 3) Total score: 1170 Latest messages: You dig a hole through the floor. You fall through... You receive a faint telepathic message from Twoflower: Your help is urgently needed at Ankh-Morpork! Look for a ...ic transporter. You couldn't quite make out that last message. You start digging downward. You continue digging downward. You dig a pit in the floor. You continue digging downward. You dig a hole through the floor. You fall through... You start digging downward. You continue digging downward. You dig a pit in the floor. You continue digging downward. You dig a hole through the floor. You fall through... You start digging downward. You continue digging downward. You dig a pit in the floor. You continue digging downward. You dig a hole through the floor. You fall through... The fire ant bites! (2x) You're on fire! You die... Final status: Aloha FIQ the Tourist, killed by a fire ant... You died in The Dungeons of Doom on dungeon level 14 with 1170 points, and 55 pieces of gold, after 32 moves. You were level 1 with a maximum of 9 hit points when you died.